 Dungeon Crawl Stone Soup version 0.31-a0-1603-gbec6b6ccbf (webtiles) character file.

Game seed: 11930673913683301986

2886 Laraso the Thaumaturge (level 9, -20/62 HPs)
             Began as a Grey Draconian Fire Elementalist on Jan 7, 2024.
             Was a Follower of Sif Muna.
             Engulfed by a cloud of flame (26 damage)
             ... on level 7 of the Dungeon.
             The game lasted 00:09:42 (7717 turns).

Laraso the Thaumaturge (DrFE)                       Turns: 7717, Time: 00:09:43

Health: -20/62     AC: 16    Str: 11    XL:     9   Next: 48%
Magic:  12/21      EV: 12    Int: 19    God:    Sif Muna [*.....]
Gold:   107        SH:  0    Dex: 18    Spells: 14/24 levels left

rFire   . . .        a - +3 quarterstaff (chaos)
rCold   . . .        (shield currently unavailable)
rNeg    . . .        (body armour unavailable)
rPois   .            y - +2 hat
rElec   .            m - +0 cloak
rCorr   .            (no gloves)
SInv    .            e - +0 pair of boots
Will    .....        (no amulet)
Stlth   ++           k - +6 ring of dexterity
HPRegen 0.30/turn    (no ring)
MPRegen 0.17/turn

%: no passive effects
@: no status effects
A: AC +12, amphibious, unfitting armour, cold-blooded
a: Renounce Religion, Channel Magic


You were on level 7 of the Dungeon.
You worshipped Sif Muna.
Sif Muna was aware of your devotion.
You visited 2 branches of the dungeon, and saw 8 of its levels.
You also visited: Sewer.

You collected 427 gold pieces.
You spent 320 gold pieces at shops.

Inventory:

Hand Weapons
 a - a +3 quarterstaff of chaos (weapon)
 b - a +1 dagger of venom
 x - the +2 falchion of Keghehak {speed, rElec Str+6}
   (You bought it in a shop on level 2 of the Dungeon)

   Str+6:     It affects your strength (+6).
   rElec:     It insulates you from electricity.
Armour
 e - a +0 pair of boots (worn)
 m - a +0 cloak (worn)
 y - a +2 hat (worn)
Magical Staves
 o - a staff of air
Jewellery
 k - a +6 ring of dexterity (left hand)
Talismans
 i - a maw talisman
Wands
 p - a wand of charming (18)
Scrolls
 d - 4 scrolls of immolation
 j - 6 scrolls of teleportation
 r - 3 scrolls of poison
 v - a scroll of torment {unknown}
 w - a scroll of fear {unknown}
Potions
 c - a potion of ambrosia {unknown}
 f - 2 potions of curing
 g - 2 potions of haste
 h - 3 potions of brilliance {unknown}
 l - a potion of magic
 n - a potion of attraction {unknown}
 q - a potion of lignification {unknown}
 s - a potion of might {unknown}
 t - a potion of heal wounds {unknown}
 u - 3 potions of mutation {unknown}


   Skills:
 - Level 1.7 Dodging
 - Level 1.7 Stealth
 - Level 8.0 Spellcasting
 - Level 7.0 Conjurations
 - Level 3.0 Fire Magic
 * Level 3.0 Air Magic
 * Level 6.6 Invocations


You had 14 spell levels left.
You knew the following spells:

 Your Spells              Type           Power      Damage    Failure   Level
a - Foxfire               Conj/Fire      100%       2x1d9     1%          1
b - Scorch                Fire           38%        2d6       4%          2
s - Swiftness             Air            19%        N/A       8%          3
v - Flame Wave            Conj/Fire      26%        2d8       12%         4

Your spell library contained the following spells:

 Spells                   Type           Power      Damage    Failure   Level
 Shock                    Conj/Air       100%       1d9       1%          1
 Summon Small Mammal      Summ           28%        N/A       9%          1
 Inner Flame              Hex/Fire       13%        N/A       14%         3
 Volatile Blastmotes      Fire/Tloc      26%        2d12      14%         3
 Call Canine Familiar     Summ           7%         N/A       26%         3
 Ozocubu's Armour         Ice            7%         N/A       26%         3
 Airstrike                Air            9%         2d(2-18)  26%         4
 Summon Blazeheart Golem  Fire/Summ      13%        N/A       43%         4
 Metabolic Englaciation   Hex/Ice        3%         N/A       94%         5
 Sculpt Simulacrum        Ice/Alch       3%         N/A       100%        6


Dungeon Overview and Level Annotations

Branches:
Dungeon (7/15)             Temple (1/1) D:4           Sewer (visited)

Altars:
Ashenzari
Cheibriados
Elyvilon
Fedhas
Gozag
Hepliaklqana
Makhleb
Nemelex Xobeh
Okawaru
Qazlal
Ru
Sif Muna
Trog
Uskayaw
Vehumet
Wu Jian
Xom
Yredelemnul
Zin

Shops:
D:2 [(


Innate Abilities, Weirdness & Mutations

Your dull iron-grey scales are very hard. (AC +12)
You are amphibious.
You cannot fit into any form of body armour.
You are cold-blooded and may be slowed by cold attacks.


Message History

You kill the wyvern!
Sif Muna accepts your kill.
The manticore is engulfed in a forest fire.
You hear a shout! x2
The forest fire spreads!
Your Air Magic skill increases to level 1!
Unknown command.
Unknown command.
Casting: Flame Wave (dangerous; 12% risk of failure)
Confirm with . or Enter, or press ? or * to list all spells.
Flames lash the manticore.
The manticore is heavily wounded.
The manticore's fire resistance burns away.
You are engulfed in blazing flames.
* * * LOW HITPOINT WARNING * * *
Something hits you.
* * * LOW HITPOINT WARNING * * *
The manticore is engulfed in a forest fire.
The manticore closely misses you.
The manticore claws you but does no damage.
The manticore barely misses you.
The forest fire spreads!
Okay, then.
You feel better.
You are engulfed in blazing flames.
* * * LOW HITPOINT WARNING * * *
Sif Muna accepts your kill.
Reactivating autopickup.
You feel a bit more experienced.
The manticore is engulfed in a forest fire.
You kill the manticore!
Sif Muna accepts your kill.
The forest fire spreads!
Your Air Magic skill gained 2 levels and is now at level 3!
Your Invocations skill increases to level 6!
Unknown command.
Unknown command.
You are engulfed in blazing flames.
* * * LOW HITPOINT WARNING * * *
Unknown command.
You are engulfed in blazing flames.
You die...

#>.......#)♣♣♣.#
###.###.#.##. ♣.#
....# #.#.##.♣♣♣.#
........#.##.....#
#########.###♣)♣##
##### ♣♣.♣ .....
#♣§♣♣♣# #####
#§§§§.# #§§§§@#
#§§§§§# #§§§§§#
#§§§§§§...♣
#§§§S§§§..♣
#§§§§§§§§..♣
#.♣♣♣§#♣§♣..♣ ...
#. .♣# ♣♣ . ###...
# .


You could see a water moccasin.

Vanquished Creatures
  A manticore (D:7)
  An unseen horror (D:7)
  Grinder (D:3)
  A wyvern (D:7)
  A water moccasin (D:6)
  2 ice beasts (D:6)
  An orc warrior (D:6)
  3 ogres
  A crocodile (Sewer)
  A centaur (D:5)
  A phantom (D:4)
  2 bullfrogs (D:6)
  A scorpion (D:6)
  A gnoll sergeant (D:7)
  2 bombardier beetles
  2 hounds (D:6)
  A jelly (D:6)
  Crazy Yiuf (D:3)
  An orc priest (D:7)
  6 iguanas
  4 orc wizards
  A sleepcap (D:6)
  3 adders
  14 gnolls
  A river rat (D:3)
  2 white imps
  A dart slug (D:1)
  6 ribbon worms
  18 orcs
  3 endoplasms
  A giant cockroach (D:1)
  10 hobgoblins
  8 jackals
  11 kobolds
  2 quokkas
  6 ball pythons
  3 bats
  4 frilled lizards
  4 goblins
  7 rats
140 creatures vanquished.

Vanquished Creatures (others)
  108 foxfires
108 creatures vanquished.

Grand Total: 248 creatures vanquished

Notes
Turn   | Place    | Note
-------+----------+-------------------------------------------
     0 | D:1      | Laraso the Draconian Fire Elementalist began the quest for
                  | the Orb.
     0 | D:1      | Reached XP level 1. HP: 14/14 MP: 3/3
   272 | D:1      | Reached XP level 2. HP: 13/20 MP: 3/5
   530 | D:1      | Reached skill level 3 in Spellcasting
  1045 | D:2      | Reached XP level 3. HP: 17/26 MP: 1/7
  1123 | D:2      | Found Zofethiv's Antique Weapon Boutique.
  1326 | D:2      | Learned a level 2 spell: Scorch
  1427 | D:2      | Found Eckagh's Armour Boutique.
  1633 | D:3      | Reached skill level 4 in Spellcasting
  1639 | D:3      | Reached XP level 4. HP: 28/33 MP: 7/10
  1755 | D:3      | Found a glowing drain.
  1799 | Sewer    | Entered a sewer
  1895 | Sewer    | Noticed a crocodile
  1903 | Sewer    | Killed a crocodile
  1904 | Sewer    | Reached XP level 5. HP: 22/38 MP: 4/12
  2504 | D:3      | Noticed Grinder
  2515 | D:3      | Killed Grinder
  2516 | D:3      | Reached skill level 6 in Spellcasting
  2516 | D:3      | Reached XP level 6. HP: 41/45 MP: 4/15
  2714 | D:3      | Found a runed translucent door.
  2715 | D:3      | Noticed Crazy Yiuf
  2810 | D:3      | Killed Crazy Yiuf
  3539 | D:4      | Found a staircase to the Ecumenical Temple.
  3558 | D:4      | Found an ornate altar of the Wu Jian Council.
  3569 | Temple   | Found a transporter.
  3569 | Temple   | Found a transporter.
  3569 | Temple   | Found a transporter.
  3569 | Temple   | Found a transporter.
  3569 | Temple   | Entered the Ecumenical Temple
  3586 | Temple   | Became a worshipper of Sif Muna the Loreminder
  3792 | D:4      | Found a snail-covered altar of Cheibriados.
  3793 | D:4      | Found a blossoming altar of Fedhas.
  3795 | D:4      | Found a basalt altar of Yredelemnul.
  3795 | D:4      | Found a bloodstained altar of Trog.
  3796 | D:4      | Found a sparkling altar of Nemelex Xobeh.
  3798 | D:4      | Found an opulent altar of Gozag.
  4311 | D:5      | Entered Level 5 of the Dungeon
  4328 | D:4      | Your scales start taking on a dull iron-grey colour.
  4328 | D:4      | Reached XP level 7. HP: 10/50 MP: 1/17
  4329 | D:4      | Reached skill level 7 in Spellcasting
  4473 | D:4      | Learned a level 3 spell: Swiftness
  4974 | D:5      | Reached skill level 8 in Spellcasting
  5105 | D:5      | Reached XP level 8. HP: 57/57 MP: 20/20
  5580 | D:6      | Reached skill level 1 in Invocations
  5749 | D:6      | Reached skill level 5 in Conjurations
  5904 | D:6      | Reached * piety under Sif Muna
  7183 | D:2      | Bought a faintly glowing falchion for 160 gold pieces
  7183 | D:2      | Identified the +2 falchion of Keghehak {speed, rElec Str+6}
                  | (You bought it in a shop on level 2 of the Dungeon)
  7211 | D:2      | Bought a +2 hat for 160 gold pieces
  7346 | D:7      | Reached skill level 5 in Invocations
  7358 | D:6      | Reached XP level 9. HP: 33/62 MP: 3/21
  7465 | D:6      | Learned a level 4 spell: Flame Wave
  7602 | D:7      | Found a shimmering altar of Xom.
  7603 | D:7      | Found a shimmering altar of Xom.
  7605 | D:7      | Found a shimmering altar of Xom.
  7606 | D:7      | Found a shimmering altar of Xom.
  7606 | D:7      | Found a shimmering altar of Xom.
  7606 | D:7      | Found a shimmering altar of Xom.
  7621 | D:7      | Found a shimmering altar of Xom.
  7621 | D:7      | Found a shimmering altar of Xom.
  7622 | D:7      | Found a shimmering altar of Xom.
  7711 | D:7      | Noticed a manticore
  7714 | D:7      | Reached skill level 1 in Air Magic
  7715 | D:7      | Killed an unseen horror
  7715 | D:7      | Killed a manticore
  7717 | D:7      | Engulfed by a cloud of flame

Illustrated notes

Levels and vault maps discovered:
D:1:      matt_arrival_debris, layout_basic, minmay_misc_feat_more_columns,
          minmay_fountain_box, ebering_dispersal_statue_hall, minmay_ruptured
D:2:      layout_basic, serial_shops, shop, shop
D:3:      layout_loops_ring, portal_sewer_entry_b, kennysheep_generic_room_5,
          uniq_grinder, uniq_crazy_yiuf_cottage
D:4:      layout_layer_cave, nicolae_overflow_hallway_of_the_gods,
          minmay_temple_entry_statues_fountains
D:5:      layout_rooms
D:6:      layout_basic, nrook_mini_backslash
D:7:      nzn_winding_woodlands_large [nzn_winding_woodlands_hourglass,
          nzn_winding_woodlands_5x15_pool, nzn_winding_woodlands_5x5_default,
          nzn_winding_woodlands_center_triple_pond,
          nzn_winding_woodlands_15x15_thick_spiral,
          nzn_winding_woodlands_center_pierced_h,
          nzn_winding_woodlands_5x5_default, nzn_winding_woodlands_5x15_jagged,
          nzn_winding_woodlands_5x5_perimeter], layout_loops_ring,
          xom_shifter_show, enter_bailey_5, billiards_dpeg, uniq_maurice
Temple:   hellmonk_temple_divided_pantheon

Skill      XL: |  1  2  3  4  5  6  7  8  9 |
---------------+----------------------------+-----
Spellcasting   | 3 4 6 8 |  8.0
Conjurations   | 3 6 7 |  7.0
Invocations    | 5 6 |  6.6
Air Magic      | 3 |  3.0
Dodging        | |  1.7
Stealth        | |  1.7
Fire Magic     | |  3.0

Action                     |  1- 3 |  4- 6 |  7- 9 || total
---------------------------+-------+-------+-------++-------
  Melee: Dagger            |    86 |    67 |       ||   153
         Tailslap          |    12 |    12 |     6 ||    30
         Unarmed           |     1 |       |       ||     1
         Punch             |     1 |     5 |       ||     6
         Quarterstaff      |       |    15 |    56 ||    71
   Cast: Foxfire           |    25 |    22 |    15 ||    62
         Scorch            |     1 |    24 |    96 ||   121
         Flame Wave        |       |       |     3 ||     3
 Invoke: Channel Magic     |       |       |     1 ||     1
    Use: Scroll            |     4 |     2 |     2 ||     8
         Potion            |       |     1 |     1 ||     2
   Stab: Sleeping          |     2 |     1 |       ||     3
         Confused          |       |       |     1 ||     1
 Armour: Skin              |    44 |    49 |   131 ||   224
  Dodge: Dodged            |    41 |    65 |    99 ||   205

Table legend: (Time is in decaauts)
 A = Elapsed time spent in this place.
 B = Non-inter-level travel time spent in this place.
 C = Inter-level travel time spent in this place.
 D = Time resting spent in this place.
 E = Time spent auto-exploring this place.
 F = Levels seen in this place.
 G = Mean time per level.
                   A        B        C        D        E       F      G
               +--------+--------+--------+--------+--------+-----+--------+
         Total |   7761 |   7344 |    417 |   1431 |   4761 |   9 |  862.3 |
       Dungeon |   7396 |   6988 |    408 |   1248 |   4702 |   7 | 1056.6 |
        Temple |     32 |     23 |      9 |      0 |      0 |   1 |   32.0 |
         Sewer |    332 |    332 |      0 |    183 |     59 |   1 |  332.0 |
               +--------+--------+--------+--------+--------+-----+--------+

Top non-repeatable levels by time:
     D:6: 1849 daAuts
     D:4: 1738 daAuts
     D:3: 1215 daAuts
     D:2: 864 daAuts
     D:1: 800 daAuts
     D:5: 733 daAuts
   Sewer: 332 daAuts
     D:7: 194 daAuts
  Temple: 32 daAuts
